Nobbs, neutral male human Tourist ------ |....| |....| |...<.#### |....| # ------------- ------ |....| ##### .`.........`| |.....# ------ # |.....`.....| #.....|# ### +...-----...| ###|....|### # #|...|.{.....| # |...(| # ####...`|{.{|`..|### ------ #f# ## |...|.{ |...|# @ ###+...-----...|# d## |.....`.....|# #.... .`.........`-# ......... ------------- ........| --------- Nobbs the Sightseer Experience level: 4 Strength: 11 Dexterity: 12 Constitution: 16 Intelligence: 14 Wisdom: 7 Charisma: 17 Health: 0(25) Energy: 12(12) Def: 1 Gold: 890 Moves: 3226 Dungeon seed: 50KBWSamjR5QymE2 Game ID: Nobbs_1510391451 Your Inventory: Coins $ - 890 gold pieces Wands r - a wand of probing (0:7) A - a wand of digging (0:6) H - a wand of sleep (0:5) Amulets v - a blessed amulet of reflection (being worn) Weapons a - 16 +2 darts (in quiver) Armor e - an uncursed +0 Hawaiian shirt (being worn) n - an uncursed +0 orcish helm (being worn) z - an uncursed +0 dwarvish cloak (being worn) Comestibles b - 2 uncursed slime molds c - an uncursed food ration d - an uncursed tin of kobold meat f - 2 uncursed tripe rations g - an uncursed egg h - an uncursed tin of newt meat m - an uncursed pear q - 2 uncursed lichen corpses E - an uncursed banana Scrolls K - a blessed scroll of amnesia N - an uncursed scroll of enchant armor Tools k - an expensive camera (0:57) l - an uncursed credit card w - an uncursed tin opener x - a bag of tricks (0:9) J - an uncursed sack O - a blessed oil lamp (0:1460) (weapon in hand) Gems y - an uncursed worthless piece of yellow glass Contents of the sack: an uncursed scroll of identify 4 uncursed scrolls of magic mapping a cursed scroll of magic mapping an uncursed scroll of teleportation 2 uncursed potions of extra healing an uncursed potion of gain ability a blessed potion of hallucination an uncursed potion of restore ability an uncursed potion of sleeping Spells and supernatural/magical abilities: Name Level Category Fail Memory W - pray for help -- divine ? -- Your skills at the end: Fighting Skills Weapon Skills dart [Basic] Spellcasting Skills Final Attributes: You were fervently aligned. You had reflection. You are dead. Vanquished creatures: a small mimic a yellow light a black naga hatchling 2 elf zombies a homunculus 3 iguanas a gas spore a hobbit a large kobold 2 giant rats a cave spider a brown mold 2 yellow molds a gecko 5 jackals 3 foxes 3 goblins 4 sewer rats 3 grid bugs 3 lichens 4 newts 44 creatures vanquished. Voluntary challenges: You were an atheist. You never hit with a wielded weapon. You read items or engraved 23 times, starting on turn 697. You never genocided any monsters. You never polymorphed an object. You never changed form. You used no wishes. You never split a pudding. You wrote Elbereth's name 23 times, starting on turn 697. You never violated your personal moral code. Dungeon overview: The Dungeons of Doom: levels 1 to 8 Level 1 an altar to The Lady a long staircase Level 2 a general store, an altar to Blind Io stairs to The Gnomish Mines Level 3 a fountain Level 4 a general store Level 5 a fountain Level 6 some fountains Level 7 a potion shop Level 8 <- You were here many fountains The Gnomish Mines: Level 3 stairs to The Dungeons of Doom History has recorded: On T:1 you entered the Dungeons of Doom to retrieve the Amulet of Yendor! On T:123 you reached level 2 of The Dungeons of Doom. On T:232 you reached level 1 of The Gnomish Mines. On T:764 you reached level 3 of The Dungeons of Doom. On T:976 you reached level 4 of The Dungeons of Doom. On T:1212 you advanced to experience level 2. On T:1291 you advanced to experience level 3. On T:1684 you reached level 5 of The Dungeons of Doom. On T:1761 you reached level 6 of The Dungeons of Doom. On T:2140 you reached level 7 of The Dungeons of Doom. On T:2536 you advanced to experience level 4. On T:2777 you reached level 8 of The Dungeons of Doom. Score breakdown: Gold: 668 ( 9611 points) Experience: 4 levels ( 9649 points) Exploration: 8 levels ( 16.67%) (11577 points) Discoveries: 4 items ( 1.34%) ( 3475 points) Valuables value: (no points given unless you survive) Artifact value: 0 ( 0 points) Variety of kills: 21 monsters ( 5.51%) ( 7043 points) Turncount: 3226 turns ( -707 points) Survival: died (score multiplied by 80%) Total score: 32518 Latest messages: You hear a door open. You displace Fuffy. The black naga hatchling bites! You hear some noises. You hear a strange wind. You hear some noises. The black naga hatchling bites! (2x) The dart hits the black naga hatchling. The black naga hatchling bites! The dart hits the black naga hatchling. The black naga hatchling bites! You kill the black naga hatchling! You displace your kitten. a - 2 +2 darts (in quiver). You see here a black naga hatchling corpse. You have a very bad case of stomach acid. You die... Final status: Aloha Nobbs the Tourist, killed by an acidic corpse... You died in The Dungeons of Doom on dungeon level 8 with 32518 points, and 890 pieces of gold, after 3226 moves. You were level 4 with a maximum of 25 hit points when you died.